 Dungeon Crawl Stone Soup version 0.27-a0-1301-g128193abf8 (webtiles) character file.

Game seed: 4994398782666839831

93 porpoise the Skirmisher (level 4, -1/37 HPs)
             Began as a Demonspawn Fighter on June 18, 2021.
             Slain by a gnoll (9 damage)
             ... on level 2 of the Dungeon.
             The game lasted 00:04:44 (1618 turns).

porpoise the Skirmisher (Demonspawn Fighter)        Turns: 1618, Time: 00:04:44

Health: -1/37      AC:  6    Str: 17    XL:     4   Next: 36%
Magic:  4/4        EV:  9    Int: 10    God:
Gold:   68         SH:  8    Dex: 12    Spells: 3/3 levels left

rFire    . . .     SeeInvis .   a - +0 trident
rCold    . . .     Faith    .   j - +0 buckler
rNeg     . . .     Spirit   .   b - +0 scale mail
rPois    .         Reflect  .   (no helmet)
rElec    .         Harm     .   (no cloak)
rCorr    .         Rampage  .   (no gloves)
Will     .....                  (no boots)
Stlth    ..........             (no amulet)
HPRegen  0.12/turn              (no ring)
MPRegen  0.09/turn              (no ring)

@: mighty
A: talons 1, large bone plates 1, demonic guardian 1
a: no special abilities


You were on level 2 of the Dungeon.
You visited 1 branch of the dungeon, and saw 2 of its levels.

You collected 68 gold pieces.

Inventory:

Hand Weapons
 a - a +0 trident (weapon)
Missiles
 f - 39 stones (quivered)
 h - 14 sling bullets
 k - 13 poisoned darts
Armour
 b - a +0 scale mail (worn)
 c - a +0 kite shield
 j - a +0 buckler (worn)
Scrolls
 e - a scroll of identify {unknown}
 g - a scroll of blinking {unknown}
Potions
 i - 2 potions of brilliance {unknown}


   Skills:
 + Level 4.2 Fighting
 + Level 3.2 Polearms
 - Level 2.6 Armour
 - Level 2.6 Shields


You had 3 spell levels left.
You didn't know any spells.
Your spell library was empty.

Dungeon Overview and Level Annotations

Branches:
Dungeon (2/15)

Altars:


Innate Abilities, Weirdness & Mutations

You have sharp toenails.
You are partially covered in large bone plates. (SH +4)
A weak demonic guardian rushes to your aid.


Message History

You block the gnoll's attack.
You reach to attack!
You barely miss the gnoll.
The gnoll is heavily wounded.
The gnoll closely misses you.
The gnoll hits you from afar with a +0 halberd.
A demonic guardian appears!
You reach to attack!
You hit the gnoll.
The gnoll is almost dead.
The gnoll hits you from afar with a +0 halberd!
You are too injured to fight recklessly!
You are too injured to fight recklessly!
You are too injured to fight recklessly!
Reach: a) +0 trident
Press: ? - help, Dir - move target, f/p - gnoll
Aim: a gnoll, wielding a +0 halberd (almost dead, ally target, about 37% to evade your +0 trident)
You reach to attack!
You barely miss the gnoll.
The gnoll is almost dead.
The gnoll hits you from afar with a +0 halberd.
Reach: a) +0 trident
Press: ? - help, Dir - move target, f/p - gnoll
Aim: a gnoll, wielding a +0 halberd (almost dead, ally target, about 37% to evade your +0 trident)
You reach to attack!
You hit the gnoll.
You kill the gnoll!
You hit the gnoll.
The gnoll is moderately wounded.
The gnoll hits you with a +0 club.
* * * LOW HITPOINT WARNING * * *
You closely miss the gnoll.
The gnoll is moderately wounded.
The gnoll closely misses you. x2
You closely miss the gnoll. You claw the gnoll!
You kill the gnoll!
The gnoll barely misses you. The gnoll barely misses you.
Things that are here:
a +0 club; a gnoll corpse You swap places.
Your quasit bites the gnoll.
Your quasit claws the gnoll but does no damage. x2
The gnoll hits you from afar with a +0 halberd!
You die...

.......................
#.#.#...#.#####.####.##
#.#.#..<#.# #.# #.#
#.#.###.#.# #.# #.#
#.#.......# #.# #.#
#.#####.#######.# #.#
#...............# #.#
#######'############.####
.............[..@5g.....#
...........#########)##.####.#
...........# #.........#
..<........# ####g######
...........# ..# ...........#
#.# ...........# g.
...........# ... ####..)....#
g..


You could see a gnoll (ally target) and a friendly quasit (summoned).

Vanquished Creatures
  Jessica (D:2)
  2 gnolls (D:2)
  2 dart slugs (D:1)
  A ball python (D:1)
  3 endoplasms
  4 goblins
  2 hobgoblins
  7 jackals
  A quokka (D:1)
  6 bats
  3 frilled lizards (D:1)
  A kobold (D:1)
  3 rats (D:1)
36 creatures vanquished.

Vanquished Creatures (collateral kills)
  An adder (D:2)
  A frilled lizard (D:2)
2 creatures vanquished.

Vanquished Creatures (others)
  2 plants (D:1)
2 creatures vanquished.

Grand Total: 40 creatures vanquished

Notes
Turn   | Place    | Note
-------+----------+-------------------------------------------
     0 | D:1      | porpoise the Demonspawn Fighter began the quest for the
                  | Orb.
     0 | D:1      | Reached XP level 1. HP: 18/18 MP: 1/1
   304 | D:1      | Gained mutation: A weak demonic guardian rushes to your
                  | aid. [demonic ancestry]
   304 | D:1      | Reached XP level 2. HP: 22/24 MP: 2/2
  1351 | D:1      | Found a faded altar of an unknown god.
  1393 | D:2      | Gained mutation: You are partially covered in large bone
                  | plates. (SH +4) [demonic ancestry]
  1393 | D:2      | Reached XP level 3. HP: 29/29 MP: 3/3
  1531 | D:2      | Noticed Jessica
  1538 | D:2      | Killed Jessica
  1539 | D:2      | Reached skill level 4 in Fighting
  1539 | D:2      | Gained mutation: You have sharp toenails. [demonic
                  | ancestry]
  1539 | D:2      | Reached XP level 4. HP: 34/37 MP: 4/4
  1618 | D:2      | Slain by a gnoll

Illustrated notes

Levels and vault maps discovered:
D:1:      doesnt_arrival_eight_statues, layout_loops_ring,
          shapermc_ecumenical_altar_mp_urbaneastern, st_stairs_6,
          minmay_distorted
D:2:      layout_basic, basic_altar, uniq_jessica

Skill      XL: |  1  2  3 |
---------------+----------+-----
Polearms       | 2 3 |  3.2
Fighting       | 4 |  4.2
Armour         | |  2.6
Shields        | |  2.6

Action                   |  1- 3 |  4- 6 || total
-------------------------+-------+-------++-------
Melee: Trident           |   120 |    12 ||   132
       Kick              |       |     1 ||     1
Throw: Stone             |       |     1 ||     1
  Use: Potion            |       |     1 ||     1
Armor: Scale mail        |    49 |       ||    49
Dodge: Dodged            |    18 |     5 ||    23
Block: Kite shield       |    29 |       ||    29
       Buckler           |    12 |     2 ||    14

Table legend: (Time is in decaauts)
 A = Elapsed time spent in this place.
 B = Non-inter-level travel time spent in this place.
 C = Inter-level travel time spent in this place.
 D = Time resting spent in this place.
 E = Time spent auto-exploring this place.
 F = Levels seen in this place.
 G = Mean time per level.
                   A        B        C        D        E       F      G
               +--------+--------+--------+--------+--------+-----+--------+
         Total |   1663 |   1644 |     19 |    566 |    772 |   2 |  831.5 |
       Dungeon |   1663 |   1644 |     19 |    566 |    772 |   2 |  831.5 |
               +--------+--------+--------+--------+--------+-----+--------+

Top non-repeatable levels by time:
     D:1: 1413 daAuts
     D:2: 250 daAuts
